 Dungeon Crawl Stone Soup version 0.30-a0-368-g86fb4627a9 (webtiles) character file.

Game seed: 7400825150314347761

212 mopl the Cudgeller (level 5, 0/34 HPs)
             Began as a Gargoyle Fighter on Nov 19, 2022.
             Slain by a steam dragon (3 damage)
             ... on level 4 of the Dungeon.
             The game lasted 00:02:49 (2723 turns).

mopl the Cudgeller (Gargoyle Fighter)               Turns: 2723, Time: 00:02:50

Health: 0/34       AC: 17    Str: 22    XL:     5   Next: 90%
Magic:  5/5        EV:  9    Int:  8    God:
Gold:   161        SH:  5    Dex: 15    Spells: 4/4 levels left

rFire   . . .      SeeInvis .    a - +0 flail
rCold   . . .      Faith    +    c - +0 buckler
rNeg    + . .      Spirit   .    o - +0 scale mail
rPois   ∞          Reflect  .    h - +0 helmet
rElec   +          Harm     .    (no cloak)
rCorr   .          Rampage  .    (no gloves)
Will    .....                    E - +0 pair of boots
Stlth   ..........               v - amulet of faith {!P}
HPRegen 0.25/turn                p - +4 ring of protection
MPRegen 0.09/turn                u - +6 ring of dexterity

@: no status effects
A: sickness immunity, AC +4, negative energy resistance 1, electricity
resistance, torment resistance 1, petrification resistance
a: no special abilities


You were on level 4 of the Dungeon.
You visited 1 branch of the dungeon, and saw 4 of its levels.

You collected 161 gold pieces.

Inventory:

Hand Weapons
 a - a +0 flail (weapon)
 b - a +2 short sword of venom
Missiles
 z - a throwing net
 A - 3 poisoned darts (quivered)
Armour
 c - a +0 buckler (worn)
 h - a +0 helmet (worn)
 o - a +0 scale mail (worn)
 E - a +0 pair of boots (worn)
Jewellery
 p - a +4 ring of protection (left hand)
 u - a +6 ring of dexterity (right hand)
 v - an amulet of faith (around neck) {!P}
Wands
 q - a wand of roots (2)
Scrolls
 j - a scroll of vulnerability {unknown}
 k - 3 scrolls of identify {unknown}
 m - 2 scrolls of noise {unknown}
 n - a scroll of teleportation {unknown}
 t - a scroll of summoning {unknown}
 x - a scroll of amnesia {unknown}
 y - a scroll of enchant weapon {unknown}
 D - a scroll of blinking {unknown}
 F - a scroll of fear {unknown}
Potions
 d - a potion of might
 e - a potion of lignification {unknown}
 f - a potion of invisibility {unknown}
 g - a potion of berserk rage {unknown}
 i - 5 potions of mutation {unknown}
 l - 2 potions of curing
 r - a potion of resistance {unknown}
 s - a potion of attraction {unknown}
 w - a potion of brilliance {unknown}
 B - 2 potions of degeneration {unknown}
 C - 2 potions of flight {unknown}


   Skills:
 + Level 4.7 Fighting
 * Level 5.0 Maces & Flails
 - Level 3.2 Armour
 - Level 3.2 Shields


You had 4 spell levels left.
You didn't know any spells.
Your spell library contained the following spells:

 Spells                   Type           Power      Damage    Failure   Level
 Sandblast                Erth           0%         2d4       83%         1
 Passwall                 Tmut/Erth      0%         N/A       92%         2
 Stone Arrow              Conj/Erth      0%         3d7       99%         3


Dungeon Overview and Level Annotations

Branches:
Dungeon (4/15)
 Temple: D:4-7

Altars:
Trog


Innate Abilities, Weirdness & Mutations

You are immune to sickness and miasma.
Your stone body is resilient. (AC +4)
You are immune to poison.
You resist negative energy. (rN+)
You are resistant to electric shocks. (rElec)
You are resistant to unholy torment.
You are immune to petrification.


Message History

You now have 152 gold pieces (gained 13).
You open the door.
There is an open door here.
You now have 161 gold pieces (gained 9).
You open the door.
There is an open door here.
Found a bloodstained altar of Trog.
Found a ring mail.
You see here a +0 ring mail.
You open the door.
A steam dragon comes into view.
The steam dragon hisses angrily.
There is an open door here.
The steam dragon breathes steam at you.
The ball of steam hits you but does no damage.
You sock the steam dragon!
The steam dragon is heavily wounded.
You are engulfed in a cloud of scalding steam.
The steam dragon bites you but does no damage.
The steam dragon claws you but does no damage.
You block the steam dragon's attack. x2
You sock the steam dragon!
The steam dragon is severely wounded.
You are engulfed in a cloud of scalding steam.
The steam dragon closely misses you. The steam dragon claws you.
You sock the steam dragon!
The steam dragon is almost dead.
You block the steam dragon's attack. x2
You barely miss the steam dragon.
The steam dragon is almost dead.
The steam dragon breathes steam at you. The ball of steam hits you!!
Ouch! That really hurt!
* * * LOW HITPOINT WARNING * * *
You are too injured to fight recklessly!
You hit the steam dragon but do no damage.
The steam dragon is almost dead.
You are engulfed in a cloud of scalding steam.
You block the steam dragon's attack. The steam dragon claws you.
You die...

# ##........####...........©#)..
####..............#...####+..#?..
...#........†.....###.####...#..#
##.#..............# #........#..#
##.#..............# #####....#...
##.#########.####.#######....#...
.............# #..§..........####
####.###########§D...............
.......# #...'@§§..............
#..#.#[#####.###...........#####.
#..#.#.#......##...........#
#..#.#.#.###..##...........#
#..#.#.....#..##...........# #
#.#######..##...........# # #..
................##### ###
####................#
.#+#.#####......#


You could see a steam dragon (catching breath).

Vanquished Creatures
  A jelly (D:4)
  Jessica (D:2)
  2 iguanas
  Robin (D:1)
  3 adders
  2 dart slugs
  5 endoplasms
  3 giant cockroaches (D:1)
  12 goblins
  5 hobgoblins
  2 jackals (D:2)
  8 kobolds
  2 quokkas (D:1)
  6 ball pythons
  4 bats
  7 frilled lizards
  6 rats
70 creatures vanquished.

Notes
Turn   | Place    | Note
-------+----------+-------------------------------------------
     0 | D:1      | mopl the Gargoyle Fighter began the quest for the Orb.
     0 | D:1      | Reached XP level 1. HP: 14/14 MP: 1/1
   153 | D:1      | Reached XP level 2. HP: 19/19 MP: 2/2
   560 | D:1      | Reached skill level 3 in Maces & Flails
   617 | D:1      | Reached XP level 3. HP: 24/24 MP: 3/3
  1093 | D:2      | Noticed Robin
  1267 | D:1      | Killed Robin
  1268 | D:1      | Reached skill level 4 in Fighting
  1268 | D:1      | Reached XP level 4. HP: 27/29 MP: 4/4
  1343 | D:2      | Noticed Jessica
  1350 | D:2      | Killed Jessica
  1365 | D:2      | Reached skill level 4 in Maces & Flails
  1449 | D:2      | Reached XP level 5. HP: 34/34 MP: 5/5
  2617 | D:4      | Reached skill level 5 in Maces & Flails
  2680 | D:4      | Found a bloodstained altar of Trog.
  2716 | D:4      | Noticed a steam dragon
  2723 | D:4      | Slain by a steam dragon

Illustrated notes

Levels and vault maps discovered:
D:1:      scummos_arrival_forest, layout_basic
D:2:      layout_rooms, uniq_robin, uniq_jessica
D:3:      layout_basic
D:4:      layout_basic, mainiacjoe_overflow_boulevard, gammafunk_ghost_mausoleum

Skill      XL: |  1  2  3  4  5 |
---------------+----------------+-----
Maces & Flails | 3 4 5 |  5.0
Fighting       | 4 |  4.7
Armour         | |  3.2
Shields        | |  3.2

Action                   |  1- 3 |  4- 6 || total
-------------------------+-------+-------++-------
Melee: Flail             |   135 |    87 ||   222
Armor: Scale mail        |    84 |    41 ||   125
Dodge: Dodged            |    67 |    38 ||   105
Block: Buckler           |    27 |    20 ||    47

Table legend: (Time is in decaauts)
 A = Elapsed time spent in this place.
 B = Non-inter-level travel time spent in this place.
 C = Inter-level travel time spent in this place.
 D = Time resting spent in this place.
 E = Time spent auto-exploring this place.
 F = Levels seen in this place.
 G = Mean time per level.
                   A        B        C        D        E       F      G
               +--------+--------+--------+--------+--------+-----+--------+
         Total |   2785 |   2667 |    118 |    143 |   1915 |   4 |  696.2 |
       Dungeon |   2785 |   2667 |    118 |    143 |   1915 |   4 |  696.2 |
               +--------+--------+--------+--------+--------+-----+--------+

Top non-repeatable levels by time:
     D:1: 1243 daAuts
     D:3: 906 daAuts
     D:2: 446 daAuts
     D:4: 189 daAuts
